 Dungeon Crawl Stone Soup version 0.30-b1-2-g02819fbbbe (webtiles) character file.

Game seed: 7912449084036492319

26952 Anon1729 the Covert (level 13, -1/85 HPs)
             Began as an Octopode Monk on Nov 22, 2023.
             Was a Priest of Cheibriados.
             Slain by an ice devil (9 damage)
             ... on level 2 of the Lair of Beasts.
             The game lasted 01:22:53 (18525 turns).

Anon1729 the Covert (Octopode Monk)                Turns: 18525, Time: 01:22:54

Health: -1/85      AC:  2    Str: 19    XL:     13   Next: 29%
Magic:  9/30       EV: 28    Int: 24    God:    Cheibriados [***...]
Gold:   541        SH:  0    Dex: 28    Spells: 4/23 levels left

rFire   x .          .
                       - Unarmed
rCold   + . .        (shield currently unavailable)
rNeg    + . .        (helmet currently unavailable)
rPois   .            u - amulet of faith
rElec   +            f - ring of willpower
rCorr   .            y - +4 ring of slaying
SInv    .            C - ring of magical power
Will    +....        F - ring of poison resistance
Stlth   ++++++       j - ring of ice
HPRegen 0.34/turn    r - ring of positive energy
MPRegen 0.22/turn    N - ring "Qiriwas" {Wiz rElec Slay+2}
                     (no ring)

%: faith, wizardry (x1)
@: spider-form, very slow
A: venomous fangs, almost no armour, (amphibious), 8 rings, tiny, (camouflage
1), (gelatinous body 1), (nimble swimmer 1), (tentacles), (iridescent scales 1),
(cold resistance 1), screaming 1
a: End Transformation, Renounce Religion, Bend Time, Temporal Distortion


You were on level 2 of the Lair of Beasts.
You worshipped Cheibriados.
Cheibriados was most pleased with you.
You were a venomous arachnid creature.
You visited 3 branches of the dungeon, and saw 15 of its levels.
You also visited: Gauntlet.

You collected 814 gold pieces.
You spent 273 gold pieces at shops.

Inventory:

Hand Weapons
 p - a +0 rapier of venom
Missiles
 c - 12 poisoned darts (quivered)
 d - 92 stones
 m - 3 throwing nets
Armour
 b - an orb of light
Magical Staves
 K - the staff of cold "Heom" {rF+ rC+ Int+3 Dex-5}
   (You found it in a Gauntlet)

   [staff of cold]

   Base accuracy: +5 Base damage: 5 Base attack delay: 1.2 This weapon's minimum
   attack delay (0.6) is reached at skill level 12.
   Int:       It affects your intelligence (+3).
   Dex:       It affects your dexterity (-5).
   rF:        It protects you from fire.
   rC:        It protects you from cold.
   It falls into the 'Staves' category.
   It is a two-tentacled weapon.
Jewellery
 f - a ring of willpower (left front pincers)
 j - a ring of ice (on tentacle)
 r - a ring of positive energy (on tentacle)
 s - a +4 ring of protection
 u - an amulet of faith (around neck)
 x - an amulet of regeneration
 y - a +4 ring of slaying (right front pincers)
 C - a ring of magical power (on tentacle)
 F - a ring of poison resistance (on tentacle)
 N - the ring "Qiriwas" (on tentacle) {Wiz rElec Slay+2}
   (You found it in a Gauntlet)

   [ring of wizardry]

   It improves your spell success rate.
   Slay:      It affects your accuracy & damage with ranged weapons and melee
   (+2).
   rElec:     It insulates you from electricity.
Wands
 n - a wand of polymorph (3)
 v - a wand of flame (1)
 D - a wand of mindburst (10)
 M - a wand of paralysis (8)
Scrolls
 h - 2 scrolls of magic mapping
 i - 7 scrolls of teleportation
 k - 2 scrolls of blinking
 l - 4 scrolls of vulnerability
 o - 6 scrolls of enchant armour
 q - 2 scrolls of fear
 t - 4 scrolls of enchant weapon
 w - 2 scrolls of torment
 B - a scroll of immolation
Potions
 e - 4 potions of lignification
 g - 3 potions of brilliance
 z - 5 potions of curing
 A - a potion of mutation
 E - a potion of flight {unknown}
 G - a potion of invisibility {unknown}
 H - a potion of attraction {unknown}
 I - a potion of berserk rage {unknown}
 L - a potion of resistance {unknown}
Miscellaneous
 J - a phial of floods


   Skills:
 + Level 6.9 Fighting
 + Level 7.0 Dodging
 * Level 12.4 Stealth
 * Level 9.5 Unarmed Combat
 + Level 5.5 Spellcasting
 - Level 3.0 Hexes
 * Level 9.1 Transmutations
 - Level 4.0 Ice Magic
 - Level 4.0 Air Magic
 + Level 6.5 Poison Magic
 * Level 6.8 Invocations
 - Level 5.5 Evocations


You had 4 spell levels left.
You knew the following spells:

 Your Spells              Type           Power      Damage    Failure   Level
a - Beastly Appendage     Tmut           100%       N/A       1%          1
b - Wereblood             Tmut           50%        N/A       1%          2
c - Spider Form           Tmut/Pois      44%        N/A       2%          3
d - Mephitic Cloud        Conj/Pois/Air  23%        N/A       7%          3
e - Ozocubu's Armour      Ice            38%        N/A       6%          3
f - Yara's Violent Unrav  Hex/Tmut       17%        3d8       16%         5
g - Passwall              Tmut/Erth      23%        N/A       3%          2

Your spell library contained the following spells:

 Spells                   Type           Power      Damage    Failure   Level
 Ensorcelled Hibernation  Hex/Ice        70%        N/A       4%          2
 Static Discharge         Conj/Air       32%        2-4/arc   6%          2
 Frozen Ramparts          Ice            76%        1d12      6%          3
 Swiftness                Air            25%        N/A       6%          3
 Ice Form                 Ice/Tmut       54%        N/A       6%          4
 Magic Dart               Conj           24%        1d4       9%          1
 Hailstorm                Conj/Ice       24%        3d7       11%         3
 Call Imp                 Summ           12%        N/A       12%         2
 Sublimation of Blood     Necr           6%         N/A       12%         2
 Inner Flame              Hex/Fire       13%        N/A       13%         3
 Airstrike                Air            12%        2d(2-18)  14%         4
 Summon Ice Beast         Ice/Summ       24%        N/A       28%         4
 Summon Lightning Spire   Summ/Air       16%        N/A       28%         4
 Flame Wave               Conj/Fire      6%         2d5       47%         4
 Sticky Flame             Conj/Fire      6%         2d3       47%         4
 Summon Mana Viper        Hex/Summ       13%        N/A       58%         5
 Fireball                 Conj/Fire      3%         3d4       78%         5
 Summon Forest            Summ/Tloc      3%         N/A       78%         5
 Simulacrum               Ice/Necr       12%        N/A       96%         6
 Summon Cactus Giant      Summ           3%         N/A       99%         6
 Ozocubu's Refrigeration  Ice            19%        4d11      99%         7
 Enfeeble                 Hex            10%        N/A       100%        7
 Monstrous Menagerie      Summ           3%         N/A       100%        7
 Summon Hydra             Summ           3%         N/A       100%        7


Dungeon Overview and Level Annotations

Branches:
Dungeon (12/15)            Temple (1/1) D:4            Lair (2/5) D:9
 Shoals (0/4) Lair:2          Orc (0/2) D:12        Gauntlet (visited)
  Snake: Lair:2-3    Spider: Lair:2-3

Altars:
Ashenzari
Cheibriados
Dithmenos
Elyvilon
Fedhas
Gozag
Hepliaklqana
Kikubaaqudgha
Makhleb
Nemelex Xobeh
Okawaru
Qazlal
Ru
Trog
Uskayaw
Vehumet
Wu Jian
Xom
Yredelemnul
Zin
The Shining One

Shops:
D:1 *   D:5 [==(   D:6 ?(?!:

Annotations:
D:3 3 runed translucent doors, exclusion: 3 doors, NimIero's ghost, amateur OgFE; diceflayer's ghost, amateur DsGl; diceflayer's ghost, weakling DsGl; krest9999's ghost, amateur MfGl
D:6 exclusions: steam dragon and 3 wights
D:7 exclusions: 2 downstairs and 1 more exclusion
D:11 exclusion: vampire
D:12 exclusions: boulder beetle and skeletal warrior
Lair:2 exclusion: blink frog


Innate Abilities, Weirdness & Mutations

You are a venomous arachnid creature.
You have venomous fangs.
You are tiny and dextrous.
Your spellcasting is less reliable in this form.
Your armour is entirely melded.
You are incapable of wielding weapons or throwing items.
You cannot wear most types of armour.
((You are amphibious.))
You can wear up to eight rings at the same time.
((Your skin changes colour to match your surroundings (Stealth+).))
((Your rubbery body absorbs attacks. (AC +1, EV +1)))
((You are camouflaged when in or above water. (Stealth+)))
((You have tentacles for arms and can constrict up to eight enemies at once.))
((You are partially covered in iridescent scales. (AC +2)))
((Your flesh is cold resistant. (rC+)))
You occasionally shout uncontrollably at your foes.


Message History

Press: ? - help, Shift-Dir - straight line, f - four-headed hydra
Aim: a four-headed hydra (severely wounded, chance to affect: 28%)
Okay, then.
Unknown command.
You bludgeon the four-headed hydra! You squeeze the four-headed hydra!
You kill the four-headed hydra!
Cheibriados appreciates the change of pace.
Training target 4.0 for Air Magic reached!
Your Air Magic skill increases to level 4!
You feel much better.
Casting: Spider Form (safe; 1% risk of failure)
Confirm with . or Enter, or press ? or * to list all spells.
You turn into a venomous arachnid creature.
You maul the blink frog!!
The blink frog is severely wounded.
The blink frog misses you. The blink frog hits you!
The blink frog blinks!
You hit the ice devil but do no damage.
The ice devil is poisoned.
The ice devil is lightly wounded.
You completely miss the ice devil.
The ice devil is lightly wounded.
The ice devil hits you! The ice devil freezes you! You resist.
The blink frog blinks!
The teleport trap disappears.
The blink frog disappears!
You barely miss the ice devil.
The ice devil is lightly wounded.
The ice devil misses you.
Aiming: Paralyse
Press: ? - help, Shift-Dir - straight line, f - ice devil
Aim: an ice devil (lightly wounded, very poisoned, chance to affect: 15%)
The ice devil resists with almost no effort.
The ice devil hits you! The ice devil freezes you! You resist.
* * * LOW HITPOINT WARNING * * *
Activating: Slouch (11% risk of failure)
Press: ? - help, Dir - look around, f - activate You can feel time thicken for a moment.
You can no longer inflict damage on those overly hasty.
Cheibriados lowers the support of your attributes as your movement quickens.
The ice devil hits you!
* * * LOW HITPOINT WARNING * * *
The ice devil freezes you! You resist.
You die...

##~~~~...$# ##~n≈4h.8#
*~~~~....# *** ##~~~....# ***
##,*##**~~~,,,*
######**,######.##.###~~~~,,*
......,,,..........§..~~~,,,*
......,,,........†.....~~~,,*
######*,,.#####.s4..#..~~~~,*
***** ##...##**~~~,~* ## ###
######..##***~~~~,*
.###.######...#...#P#..,~~~,*
...†....................~~~,*
.......................#~~~~*
..###..##.#...####P.####~~~~**
...########...# *### **~~~~*
...# #####..## **~~~*


You could see an ice devil (very poisoned).

Vanquished Creatures
  A great orb of eyes (Gauntlet)
  A hydra (Lair:2)
  2 catoblepae
  A centaur warrior (D:12)
  2 two-headed ogres
  2 death yaks (Lair:1)
  A sixfirhy (Gauntlet)
  A deep elf pyromancer (D:12)
  2 cyclopes
  An ugly thing (Gauntlet)
  6 elephants
  5 cane toads
  2 torpor snails
  3 komodo dragons
  3 rime drakes
  A kobold demonologist (D:12)
  4 trolls
  2 polar bears (Lair:2)
  2 hornets (D:9)
  A blink frog (Lair:2)
  2 water elementals (D:12)
  36 yaks
  2 shadows
  A vampire (D:12)
  3 wyverns
  2 wraiths (D:11)
  A fire bat (D:10)
  2 water moccasins
  An orc warrior (D:10)
  A sky beast (D:7)
  An ice beast (D:6)
  An ogre (D:7)
  5 wolves (Lair:2)
  3 centaurs
  3 kobold brigands
  8 bullfrogs
  5 scorpions
  6 wights
  17 killer bees
  A howler monkey (D:8)
  3 electric eels (D:12)
  3 gnoll boudas
  4 hounds
  An orc priest (D:5)
  4 jellies
  4 iguanas
  11 orc wizards
  A wolf simulacrum (Lair:2)
  5 adders
  14 gnolls
  A white imp (D:5)
  3 ufetubi (Gauntlet)
  2 worms
  2 dart slugs
  38 orcs
  5 endoplasms
  5 giant cockroaches
  6 goblins
  12 hobgoblins
  7 jackals
  16 kobolds
  2 ball pythons
  6 bats
  2 frilled lizards
  4 rats
305 creatures vanquished.

Vanquished Creatures (collateral kills)
  A minotaur (Gauntlet)
1 creature vanquished.

Vanquished Creatures (others)
  31 fungi
  19 plants
  2 withered plants (D:3)
52 creatures vanquished.

Grand Total: 358 creatures vanquished

Notes
Turn   | Place    | Note
-------+----------+-------------------------------------------
     0 | D:1      | Anon1729 the Octopode Monk began the quest for the Orb.
     0 | D:1      | Reached XP level 1. HP: 16/16 MP: 1/1
    24 | D:1      | Found Adeninoj's Assorted Antiques.
   160 | D:1      | Reached XP level 2. HP: 21/21 MP: 2/2
   162 | D:1      | Learned a level 1 spell: Beastly Appendage
   252 | D:1      | Reached skill level 1 in Stealth
   450 | D:1      | Reached XP level 3. HP: 24/26 MP: 1/3
   544 | D:2      | Reached skill level 1 in Transmutations
   898 | D:2      | Found a faded altar of an unknown god.
   917 | D:2      | Reached skill level 2 in Stealth
  1124 | D:2      | Reached XP level 4. HP: 31/31 MP: 3/5
  1579 | D:3      | Found a burning altar of Makhleb.
  1603 | D:3      | Found a runed translucent gate.
  1604 | D:3      | Found a runed translucent gate.
  1604 | D:3      | Found a runed translucent gate.
  1605 | D:3      | Noticed NimIero's ghost (amateur OgFE)
  1605 | D:3      | Noticed diceflayer's ghost (weakling DsGl)
  1606 | D:3      | Noticed diceflayer's ghost (amateur DsGl)
  1606 | D:3      | Noticed krest9999's ghost (amateur MfGl)
  2109 | D:4      | Noticed a scorpion
  2109 | D:4      | You fall into a shaft and drop 3 floors!
  2130 | D:7      | Reached skill level 1 in Spellcasting
  2151 | D:6      | Noticed a bullfrog
  2151 | D:6      | Found Taps's Book Boutique.
  2161 | D:6      | Killed a bullfrog
  2162 | D:6      | Reached skill level 3 in Stealth
  2162 | D:6      | Reached XP level 5. HP: 11/36 MP: 3/6
  2281 | D:6      | Found Dekk's Distillery.
  2319 | D:6      | Bought a potion of curing for 36 gold pieces
  2319 | D:6      | Bought a potion of haste for 120 gold pieces
  2345 | D:5      | Entered Level 5 of the Dungeon
  2353 | D:6      | Reached XP level 6. HP: 16/42 MP: 5/8
  2468 | D:6      | Found Hyoseg's Magic Scroll Shoppe.
  2485 | D:6      | Bought a scroll of identify for 22 gold pieces
  2485 | D:6      | Bought a scroll of noise for 11 gold pieces
  2636 | D:6      | Noticed a steam dragon
  2675 | D:6      | Found Qourel's Antique Weapon Shoppe.
  2701 | D:6      | Reached skill level 4 in Stealth
  2766 | D:6      | Found Hif Von's Magic Scroll Shoppe.
  2770 | D:6      | Bought a scroll of identify for 24 gold pieces
  2988 | D:6      | Reached XP level 7. HP: 39/47 MP: 6/9
  3155 | D:6      | Learned a level 3 spell: Spider Form
  3158 | D:6      | Learned a level 2 spell: Wereblood
  3159 | D:5      | Found Quulimohu's Antique Armour Shop.
  3214 | D:4      | Found a basalt altar of Yredelemnul.
  3223 | D:4      | Noticed Ijyb
  3228 | D:4      | Ijyb changed into Ijyb the jelly
  3228 | D:4      | Noticed Ijyb
  3237 | D:4      | Killed Ijyb the jelly
  3318 | D:4      | Found a staircase to the Ecumenical Temple.
  3485 | Temple   | Entered the Ecumenical Temple
  4151 | D:4      | Found a hazy altar of Hepliaklqana.
  4266 | D:4      | Reached skill level 5 in Stealth
  4717 | D:5      | Found Udwi Yva's Jewellery Shop.
  4736 | D:5      | Found a snail-covered altar of Cheibriados.
  4986 | D:5      | Reached skill level 5 in Unarmed Combat
  4993 | D:5      | Reached XP level 8. HP: 45/54 MP: 11/11
  5098 | D:5      | Found Antibb's Antique Weapon Shop.
  5108 | D:5      | Found Lunasis's Jewellery Emporium.
  5324 | D:5      | Noticed Edmund
  5618 | D:5      | Edmund changed into Edmund the centaur
  5618 | D:5      | Noticed Edmund
  5623 | D:5      | Killed Edmund the centaur
  5708 | D:5      | Reached skill level 1 in Poison Magic
  5746 | D:5      | Reached skill level 1 in Evocations
  5750 | D:5      | Reached skill level 6 in Stealth
  6607 | D:7      | Noticed a wyvern
  6780 | D:7      | Killed a wyvern
  6895 | D:7      | Reached skill level 7 in Stealth
  6895 | D:7      | Reached XP level 9. HP: 51/59 MP: 7/13
  7002 | D:7      | Reached skill level 5 in Transmutations
  8051 | D:5      | Learned a level 3 spell: Mephitic Cloud
  8055 | D:5      | Learned a level 3 spell: Ozocubu's Armour
  8055 | D:5      | Became a worshipper of Cheibriados the Contemplative
  8055 | D:5      | Reached * piety under Cheibriados
  8055 | D:5      | Reached ** piety under Cheibriados
  8121 | D:6      | Bought a potion of heal wounds for 60 gold pieces
  8825 | D:8      | Reached skill level 5 in Fighting
  9193 | D:8      | Reached skill level 5 in Dodging
  9193 | D:8      | Reached skill level 8 in Stealth
  9193 | D:8      | Reached skill level 1 in Ice Magic
  9513 | D:8      | Reached *** piety under Cheibriados
 10024 | D:8      | Found a glowing silver altar of Zin.
 10030 | D:8      | Reached XP level 10. HP: 59/66 MP: 11/15
 10077 | D:8      | Reached **** piety under Cheibriados
 10228 | D:8      | Found a sparkling altar of Nemelex Xobeh.
 10422 | D:9      | Paralysed by a hornet for 1 turns
 10615 | D:9      | Found a shimmering altar of Xom.
 10616 | D:9      | Found a blossoming altar of Fedhas.
 10616 | D:9      | Found a glowing golden altar of the Shining One.
 10617 | D:9      | Found a broken altar of Ashenzari.
 10618 | D:9      | Found a staircase to the Lair.
 10790 | D:9      | Reached skill level 9 in Stealth
 10801 | D:9      | Reached skill level 1 in Invocations
 11083 | D:9      | Reached skill level 1 in Air Magic
 11457 | D:10     | Entered Level 10 of the Dungeon
 11771 | D:10     | Found an opulent altar of Gozag.
 12047 | D:10     | Got the Folio of Illusion and Ignition
 12091 | D:10     | Reached XP level 11. HP: 72/72 MP: 15/17
 12432 | D:11     | Noticed a cyclops
 12639 | D:11     | Killed a cyclops
 12640 | D:11     | Reached skill level 10 in Stealth
 12695 | D:11     | Noticed a two-headed ogre
 12832 | D:11     | Killed a two-headed ogre
 13245 | D:11     | Reached ***** piety under Cheibriados
 13382 | D:11     | Reached skill level 5 in Poison Magic
 14061 | D:11     | Learned a level 5 spell: Yara's Violent Unravelling
 14294 | D:12     | Noticed a skeletal warrior
 14294 | D:12     | Noticed a boulder beetle
 14322 | D:12     | Noticed a cyclops
 14331 | D:12     | Killed a cyclops
 14342 | D:12     | Noticed a two-headed ogre
 14349 | D:12     | Killed a two-headed ogre
 14402 | D:12     | Noticed a centaur warrior
 14411 | D:12     | Killed a centaur warrior
 14412 | D:12     | Reached skill level 1 in Hexes
 15093 | D:12     | Noticed a deep elf pyromancer
 15152 | D:12     | Killed a deep elf pyromancer
 15153 | D:12     | Reached XP level 12. HP: 79/79 MP: 19/19
 15285 | D:12     | Found a staircase to the Orcish Mines.
 15749 | Lair:1   | Entered Level 1 of the Lair of Beasts
 15958 | Lair:1   | Noticed a catoblepas
 16002 | Lair:1   | Reached skill level 5 in Invocations
 16033 | Lair:1   | Reached skill level 11 in Stealth
 16145 | Lair:1   | Noticed a death yak
 16181 | Lair:1   | Noticed a death yak
 16203 | Lair:1   | Killed a catoblepas
 16206 | Lair:1   | Gained mutation: Your flesh is cold resistant. (rC+)
                  | [potion of mutation]
 16206 | Lair:1   | Gained mutation: You occasionally shout uncontrollably at
                  | your foes. [potion of mutation]
 16206 | Lair:1   | Gained mutation: You are partially covered in iridescent
                  | scales. (AC +2) [potion of mutation]
 16215 | Lair:1   | Killed a death yak
 16221 | Lair:1   | Killed a death yak
 16222 | Lair:1   | Reached skill level 5 in Evocations
 16502 | Lair:1   | Learned a level 2 spell: Passwall
 16667 | Lair:1   | Reached skill level 5 in Spellcasting
 17068 | Lair:2   | Noticed a four-headed hydra
 17274 | Lair:2   | Found a gate leading to a gauntlet.
 17280 | Gauntlet | Entered a Gauntlet
 17280 | Gauntlet | Found a transporter.
 17280 | Gauntlet | Found a transporter.
 17282 | Gauntlet | Noticed a death scarab
 17395 | Gauntlet | Found a transporter.
 17413 | Gauntlet | Found a transporter.
 17413 | Gauntlet | Found a transporter.
 17415 | Gauntlet | Found a transporter.
 17415 | Gauntlet | Found a transporter.
 17416 | Gauntlet | Found a transporter.
 17421 | Gauntlet | Noticed a balrug
 17428 | Gauntlet | Found a transporter.
 17444 | Gauntlet | Found a transporter.
 17454 | Gauntlet | Found a transporter.
 17455 | Gauntlet | Noticed a great orb of eyes
 17468 | Gauntlet | Found a transporter.
 17502 | Gauntlet | Found a transporter.
 17514 | Gauntlet | Found a transporter.
 17678 | Gauntlet | Reached skill level 12 in Stealth
 17678 | Gauntlet | Reached XP level 13. HP: 63/85 MP: 20/20
 17738 | Gauntlet | Identified the staff of cold "Heom" {rF+ rC+ Int+3 Dex-5}
 17833 | Gauntlet | Killed a great orb of eyes
 17842 | Gauntlet | Identified the ring "Qiriwas" {Wiz rElec Slay+2}
 17880 | Gauntlet | Noticed a minotaur
 17892 | Gauntlet | Killed a minotaur
 18525 | Lair:2   | Slain by an ice devil

Illustrated notes

Levels and vault maps discovered:
D:1:      eino_arrival_water_cross, layout_rooms, serial_shops,
          nicolae_shop_tiny_waterfront
D:2:      layout_loops_cross, shapermc_ecumenical_altar_starsandcircs
D:3:      layout_basic, mainiacjoe_overflow_chevrons, gammafunk_ghost_cemetery
D:4:      layout_basic, nicolae_overflow_crystal_walls,
          worldfamousw_hep_ancestral_shrine, temple_hall, portal_sewer_entry_d,
          chequers_serial_rivers_room_b, uniq_ijyb
D:5:      layout_basic, cheibriados_altar_1, serial_shops,
          nicolae_shop_just_a_little_nook, shop, nicolae_stop_n_shop_1, shop,
          wad_floor_pattern_untrapped, uniq_edmund
D:6:      layout_cave_pools, led_sif_book, serial_shops, nicolae_diamond_shop,
          shop, nicolae_shop_rolled_up, nicolae_shop_dealshenge, shop,
          grunt_decor_arrowhead
D:7:      layout_layer_cave, enter_bailey_7
D:8:      layout_loops_ring, nemelex_diamond_rough_becter,
          mainiacjoe_overflow_concentric_impassable
D:9:      minmay_general_purpose_star, layout_long_grid,
          chequers_temple_overflow_statue_of_worship, lair_entry_dummy,
          minmay_misc_feat_room
D:10:     layout_small_grid, lemuel_crystal_altar
D:11:     layout_roguey
D:12:     kennysheep_six_static_rooms, layout_basic, orc_0_dummy,
          hangedman_abyss_or_decor_slice
Temple:   nicolae_temple_two_arcs
Lair:1:   layout_hall_layers, patterned_corridor, grunt_megastairs_4
Lair:2:   dreamdust_isle_of_ice, layout_small_grid, minmay_shoals_entry_hut,
          gauntlet_entry_generic

Skill      XL: |  1  2  3  4  5  6  7  8  9 10 11 12 13 |
---------------+----------------------------------------+-----
Stealth        | 1 2 3 4 5 7 8 9 10 12 | 12.4
Transmutations | 1 2 3 4 5 6 7 8 9 |  9.1
Spellcasting   | 1 2 3 4 5 |  5.5
Unarmed Combat | 4 5 6 7 8 9 |  9.5
Fighting       | 4 5 6 |  6.9
Dodging        | 4 5 6 7 |  7.0
Poison Magic   | 2 3 4 5 6 |  6.5
Evocations     | 2 3 4 5 |  5.5
Ice Magic      | 1 2 4 |  4.0
Invocations    | 2 4 6 |  6.8
Air Magic      | 1 2 3 4 |  4.0
Hexes          | 1 2 3 |  3.0

Action                     |  1- 3 |  4- 6 |  7- 9 | 10-12 | 13-15 || total
---------------------------+-------+-------+-------+-------+-------++-------
  Melee: Unarmed           |    78 |    71 |   299 |   426 |    54 ||   928
         Constrict         |    25 |    22 |    45 |    12 |       ||   104
         Tentacles         |    17 |    12 |    44 |    18 |     1 ||    92
         Punch             |     4 |     5 |    11 |     8 |       ||    28
         Kick              |    12 |    25 |    56 |    29 |       ||   122
  Throw: Dart              |     7 |       |     1 |     4 |       ||    12
         Stone             |     1 |     1 |       |       |       ||     2
   Cast: Beastly Appendage |     7 |    22 |    30 |    14 |       ||    73
         Spider Form       |       |       |    15 |    34 |     6 ||    55
         Wereblood         |       |       |     2 |     8 |     1 ||    11
         Ozocubu's Armour  |       |       |     2 |    11 |     1 ||    14
         Mephitic Cloud    |       |       |       |    12 |       ||    12
 Invoke: Slouch            |       |       |       |     5 |     5 ||    10
         Step From Time    |       |       |       |       |     1 ||     1
Ability: End Transformatio |       |       |       |     1 |       ||     1
  Evoke: Wand              |       |       |    21 |    20 |     4 ||    45
    Use: Potion            |       |     1 |     6 |     7 |     2 ||    16
         Scroll            |       |     2 |     5 |    11 |     4 ||    22
   Stab: Sleeping          |     4 |     4 |    16 |    12 |       ||    36
         Distracted        |       |       |     1 |       |       ||     1
         Paralysed         |       |       |     1 |       |     4 ||     5
         Confused          |       |       |       |    10 |       ||    10
 Armour: Skin              |     5 |     1 |    46 |    43 |     4 ||    99
  Dodge: Dodged            |    56 |    43 |   194 |   384 |    61 ||   738
